 Dungeon Crawl Stone Soup version 0.30-a0-341-g682706514a (webtiles) character file.

Game seed: 781532544418215415

84 NinjaNoafa the Sneak (level 4, -1/23 HPs)
             Began as a Spriggan Monk on Nov 1, 2022.
             Slain by a goblin
             ... wielding a +0 dagger
             ... led by Robin
              (3 damage)
             ... on level 2 of the Dungeon.
             The game lasted 00:02:23 (1412 turns).

NinjaNoafa the Sneak (Spriggan Monk)                Turns: 1412, Time: 00:02:23

Health: -1/23      AC:  2    Str:  7    XL:     4   Next: 24%
Magic:  5/5        EV: 20    Int: 11    God:
Gold:   128        SH:  0    Dex: 19    Spells: 3/3 levels left

rFire   . . .      SeeInvis +    a - +0 short sword
rCold   . . .      Faith    .    (no shield)
rNeg    . . .      Spirit   .    b - +0 robe
rPois   .          Reflect  .    (helmet restricted)
rElec   .          Harm     .    (no cloak)
rCorr   .          Rampage  .    (gloves unavailable)
Will    .....                    (boots unavailable)
Stlth   +++.......               (no amulet)
HPRegen 0.23/turn                (no ring)
MPRegen 0.09/turn                (no ring)

@: brilliant, lethally poisoned (-1 -> -4), invisible, very quick
A: very small, no large weapons, unfitting armour, see invisible, speed 3
a: no special abilities


You were on level 2 of the Dungeon.
You visited 1 branch of the dungeon, and saw 3 of its levels.

You collected 128 gold pieces.

Inventory:

Hand Weapons
 a - a +0 short sword (weapon)
Missiles
 j - 25 stones (quivered)
Armour
 b - a +0 robe (worn)
Scrolls
 d - a scroll of torment {unknown}
 e - a scroll of poison {unknown}
 g - a scroll of silence {unknown}
 i - a scroll of teleportation {unknown}
 k - a scroll of enchant armour {unknown}
Potions
 l - a potion of degeneration {unknown}
 m - a potion of lignification {unknown}


   Skills:
 - Level 2.4 Fighting
 + Level 4.2 Short Blades
 - Level 5.0 Dodging
 - Level 5.0 Stealth


You had 3 spell levels left.
You didn't know any spells.
Your spell library contained the following spells:

 Spells                   Type           Power      Damage    Failure   Level
 Beastly Appendage        Tmut           0%         N/A       34%         1
 Wereblood                Tmut           0%         N/A       47%         2
 Spider Form              Tmut/Pois      0%         N/A       71%         3
 Malign Gateway           Summ/Tloc      0%         N/A       100%        7
 Summon Horrible Things   Summ           0%         N/A       100%        8


Dungeon Overview and Level Annotations

Branches:
Dungeon (3/15)

Altars:

Annotations:
D:2 Robin


Innate Abilities, Weirdness & Mutations

You are very small and have problems with some larger weapons.
You are too small for most types of armour.
You have supernaturally acute eyesight. (SInv)
You cover ground extremely quickly. (Speed+++)


Message History

You feel sick. Robin completely misses you.
The goblin moves out of view.
Things that are here:
a +0 club; a +0 dagger; a goblin corpse You're too confused to move!
You feel sick. The hobgoblin completely misses you.
Robin roars a battlecry!
You bump into the rock wall.
You feel sick. The hobgoblin barely misses you.
Robin hits you from afar with a +0 spear of venom.
You bump into the rock wall.
You feel sick. Robin closely misses you. The hobgoblin closely misses you.
You're too confused to move!
You feel less invigorated.
You feel less confused.
You feel sick. Robin misses you. The hobgoblin closely misses you.
You hit the hobgoblin.
The hobgoblin is almost dead.
You feel sick.
You are no longer poisoned.
Robin throws the goblin at you!
A goblin comes into view. It is wielding a +0 dagger.
The hobgoblin hits you. The goblin hits you with a +0 club.
It was a potion of invisibility.
You fade into invisibility!
Robin hits you from afar with a +0 spear of venom.
* * * LOW HITPOINT WARNING * * *
You are lethally poisoned!
The goblin completely misses you. The hobgoblin misses you.
You hit the hobgoblin.
You kill the hobgoblin!
* * * LOW HITPOINT WARNING * * *
You feel sick. Robin misses you. The goblin closely misses you.
* * * LOW HITPOINT WARNING * * *
You feel sick.
Things that are here:
a +0 dagger; a goblin corpse It was a potion of brilliance.
You feel clever all of a sudden.
* * * LOW HITPOINT WARNING * * *
You feel sick. Robin throws the goblin at you!
The goblin hits you with a +0 dagger.
You die...

.#.######## #.# #.#
#.# #.# #.# #.# #.#
#.# ### #.# #.# ..#
##.###.#
###.########...##.#
#.g...............#
#@########...####
#)gg........##
#############


You could see Robin (unable to see you) and 2 goblins.

Vanquished Creatures
  Jessica (D:2)
  2 adders (D:2)
  A dart slug (D:1)
  An endoplasm (D:1)
  A giant cockroach (D:2)
  10 goblins
  4 hobgoblins (D:2)
  5 ball pythons
  7 bats
  A kobold (D:1)
  4 rats
37 creatures vanquished.

Notes
Turn   | Place    | Note
-------+----------+-------------------------------------------
     0 | D:1      | NinjaNoafa the Spriggan Monk began the quest for the Orb.
     0 | D:1      | Reached XP level 1. HP: 11/11 MP: 2/2
   474 | D:1      | Reached XP level 2. HP: 15/16 MP: 3/3
   821 | D:2      | You fall into a shaft and drop 1 floor!
   849 | D:2      | Found a faded altar of an unknown god.
   988 | D:2      | Reached XP level 3. HP: 18/19 MP: 4/4
   999 | D:2      | Reached skill level 5 in Stealth
  1109 | D:2      | Noticed Jessica
  1129 | D:2      | Killed Jessica
  1130 | D:2      | Reached skill level 5 in Dodging
  1130 | D:2      | Reached XP level 4. HP: 23/23 MP: 5/5
  1389 | D:2      | Noticed Robin
  1412 | D:2      | Slain by a goblin

Illustrated notes

Levels and vault maps discovered:
D:1:      minmay_arrival_loop, layout_basic
D:2:      layout_loops_ring, ebering_ecumenical_altar_rust, uniq_robin,
          uniq_crazy_yiuf_cottage, uniq_jessica
D:3:      layout_rooms, nicolae_ashenzari_skybound

Skill      XL: |  1  2  3  4 |
---------------+-------------+-----
Stealth        | 4 5 |  5.0
Dodging        | 5 |  5.0
Short Blades   | 4 |  4.2
Fighting       | |  2.4

Action                   |  1- 3 |  4- 6 || total
-------------------------+-------+-------++-------
Melee: Short sword       |   107 |    36 ||   143
       Punch             |     2 |       ||     2
  Use: Potion            |       |     3 ||     3
 Stab: Sleeping          |     5 |     1 ||     6
Armor: Robe              |    13 |     2 ||    15
Dodge: Dodged            |    89 |    53 ||   142

Table legend: (Time is in decaauts)
 A = Elapsed time spent in this place.
 B = Non-inter-level travel time spent in this place.
 C = Inter-level travel time spent in this place.
 D = Time resting spent in this place.
 E = Time spent auto-exploring this place.
 F = Levels seen in this place.
 G = Mean time per level.
                   A        B        C        D        E       F      G
               +--------+--------+--------+--------+--------+-----+--------+
         Total |    903 |    877 |     26 |      0 |    637 |   3 |  301.0 |
       Dungeon |    903 |    877 |     26 |      0 |    637 |   3 |  301.0 |
               +--------+--------+--------+--------+--------+-----+--------+

Top non-repeatable levels by time:
     D:1: 517 daAuts
     D:2: 382 daAuts
     D:3: 3 daAuts
